 Dungeon Crawl Stone Soup version 0.21-a0-507-ga8f6b7a (webtiles) character file.

213250 theanonym the Severer (level 18, -1/135 HPs)
             Began as a Demonspawn Fighter on Nov 27, 2017.
             Slain by a shock serpent (12 damage)
             ... on level 3 of the Snake Pit.
             The game lasted 01:37:54 (40704 turns).

theanonym the Severer (Demonspawn Fighter)         Turns: 40704, Time: 01:37:56

Health: -1/135     AC: 21    Str: 38      XL:     18   Next: 64%
Magic:  0/9        EV: 18    Int:  6 (7)  God:    Xom [......]
Gold:   1477       SH: 29    Dex: 14      Spells: 11/17 levels left

rFire    . . .     SeeInvis .   a - +1 broad axe
rCold    + . .     Gourm    .   G - +2 large shield
rNeg     . . .     Faith    .   J - +4 ring mail of Kleptomania {rElec rC- MP-9 Str+10}
rPois    +         Spirit   +   (helmet unavailable)
rElec    +         Reflect  .   E - +2 cloak {rPois}
rCorr    .         Harm     .   z - +0 pair of gloves {Str+3}
rMut     +         Rnd*Rage +   Y - +0 pair of boots
MR       +++..                  T - necklace of Bloodlust {*Rage +Rage MR++ Int-3 Slay+6 *Curse}
Stlth    ++........             h - +3 ring of protection
HPRegen  0.32/turn              I - +2 ring of evasion
MPRegen  0.22/turn

@: no status effects
A: claws 1, horns 3, large bone plates 2, cold resistance 2, frail 1, mutation
resistance 3, nightstalker 1, sense surroundings 1, screaming 1, strong 1, magic
shield, magic regeneration, magic link, no potion heal 1
a: Renounce Religion, Evoke Berserk Rage


Innate Abilities, Weirdness & Mutations

You have a pair of large horns on your head.
You are mostly covered in large bone plates. (SH +6)
Your flesh is very cold resistant. (rC++)
You are slightly more attuned to the shadows.
When hurt, damage is shared between your health and your magic reserves.
You regenerate magic rapidly.
When low on magic, you restore magic in place of health.
You have sharp fingernails.
You are frail. (-10% HP)
You are almost entirely resistant to further mutation and mutation removal.
You passively map a small area around you.
You occasionally shout uncontrollably at your foes.
Your muscles are strong. (Str +2)
Potions are less effective at restoring your health.


   Skills:
 + Level 15.8 Fighting
 - Level 18.0 Axes
 + Level 11.5 Armour
 + Level 11.1 Dodging
 + Level 11.5 Shields


You had 11 spell levels left.
You knew the following spells:

 Your Spells              Type           Power        Failure   Level  Hunger
a - Apportation           Tloc           #.....       98%         1    ##.....
r - Regeneration          Chrm/Necr      #.........   100%        3    ####...
s - Swiftness             Chrm/Air       #.......     99%         2    ###....

Skill      XL: |  1  2  3  4  5  6  7  8  9 10 11 12 13 14 15 16 17 18 |
---------------+-------------------------------------------------------+-----
Axes           | 2 3 4 6 8 10 12 13 14 16 17 18 | 18.0
Fighting       | 4 5 7 8 10 11 12 13 14 15 | 15.8
Armour         | 3 5 6 8 10 11 | 11.5
Shields        | 3 5 7 8 10 11 | 11.5
Dodging        | 1 4 6 8 9 10 11 | 11.1

Action                   |  1- 3 |  4- 6 |  7- 9 | 10-12 | 13-15 | 16-18 || total
-------------------------+-------+-------+-------+-------+-------+-------++-------
Melee: War axe           |   129 |   193 |   299 |   674 |   153 |       ||  1448
       Kick              |       |    14 |    96 |   134 |       |       ||   244
       Headbutt          |       |    15 |    59 |   187 |   397 |   228 ||   886
       Broad axe         |       |       |       |    54 |  1117 |   822 ||  1993
       Scimitar          |       |       |       |    14 |     6 |       ||    20
Throw: Javelin           |       |       |     2 |     2 |    13 |       ||    17
       Throwing net      |       |       |       |       |       |     2 ||     2
 Abil: Evoke Berserk Rag |       |       |       |     2 |     3 |     1 ||     6
Evoke: Wand              |       |       |    10 |    49 |     9 |     3 ||    71
       Lamp of fire      |       |       |       |     2 |     1 |     2 ||     5
  Use: Scroll            |       |    13 |     5 |     9 |     8 |    14 ||    49
       Potion            |       |     4 |     6 |     3 |     3 |    18 ||    34
 Stab: Distracted        |       |       |     1 |       |     2 |     3 ||     6
       Paralysed         |       |       |     8 |    15 |     3 |       ||    26
       Confused          |       |       |     1 |     3 |     5 |     5 ||    14
       Petrified         |       |       |       |     1 |    11 |       ||    12
       Petrifying        |       |       |       |     1 |       |       ||     1
  Eat: Chunk             |     3 |     7 |    17 |    25 |    27 |     7 ||    86
       Meat ration       |       |     1 |     1 |       |       |       ||     2
       Royal jelly       |       |     1 |       |       |       |       ||     1
       Bread ration      |       |       |       |     3 |     6 |     6 ||    15
       Fruit             |       |       |       |     4 |       |       ||     4
Armor: Chain mail        |    61 |   120 |   114 |   128 |       |       ||   423
       Scale mail        |     3 |       |       |       |       |       ||     3
       Skin              |       |       |     4 |       |       |       ||     4
       Plate armour      |       |       |       |   123 |   280 |   155 ||   558
       Ring mail         |       |       |       |       |       |    24 ||    24
Dodge: Dodged            |    21 |    41 |    56 |   103 |   140 |   233 ||   594
Block: Shield            |    94 |   183 |   195 |   521 |    90 |       ||  1083
       Large shield      |       |       |       |       |  1087 |  1054 ||  2141

Inventory:

Hand Weapons
 a - a +1 broad axe (weapon)
   (You found it on level 3 of the Lair of Beasts)
 p - a +4 scimitar of flaming
   (You took it off Erica on level 8 of the Dungeon)
 M - a +1 executioner's axe of freezing
   (You found it in an ice cave)
Missiles
 w - 8 javelins
 P - 6 throwing nets (quivered)
Armour
 g - a +1 cloak of magic resistance
   (You took it off Nikola on level 3 of the Shoals)
 n - a +0 plate armour
   (You took it off an orc warrior on level 9 of the Dungeon)
 z - a +0 pair of gloves of strength (worn)
   (You bought it in a shop on level 4 of the Dungeon)
 C - the +0 hat of Contentment {MR+ MP+9 Stlth+}
   (You found it on level 6 of the Dungeon)

   It affects your resistance to hostile enchantments.
   It affects your magic capacity (+9).
   It makes you more stealthy.
 E - a +2 cloak of poison resistance (worn)
   (You took it off Crazy Yiuf on level 6 of the Dungeon)
 G - a +2 large shield (worn)
   (You found it on level 7 of the Dungeon)
 J - the +4 ring mail of Kleptomania (worn) {rElec rC- MP-9 Str+10}
   (You bought it in a shop on level 2 of the Orcish Mines)

   It affects your strength (+10).
   It makes you vulnerable to cold.
   It insulates you from electricity.
   It affects your magic capacity (-9).
 Y - a +0 pair of boots (worn)
   (You found it on level 15 of the Dungeon)
Jewellery
 h - a +3 ring of protection (left hand)
   (You took it off a naga mage on level 2 of the Snake Pit)
 j - an uncursed ring of see invisible {sInv}
   (You found it on level 1 of the Dungeon)
 A - an uncursed ring of protection from magic {MR+}
   (You took it off a salamander on level 3 of the Snake Pit)
 I - a +2 ring of evasion (right hand)
   (You found it on level 2 of the Lair of Beasts)
 Q - an uncursed ring of flight {+Fly}
   (You found it on level 11 of the Dungeon)
 T - the necklace of Bloodlust (around neck) {*Rage +Rage MR++ Int-3 Slay+6 *Curse}
   (You found it on level 6 of the Lair of Beasts)

   [amulet of rage]

   It affects your intelligence (-3).
   It affects your accuracy and damage with ranged weapons and melee attacks
   (+6).
   It affects your resistance to hostile enchantments.
   It lets you go berserk.
   It may make you go berserk in combat.
   It curses itself when equipped.
 W - an uncursed ring of protection from fire {rF+}
   (You found it on level 14 of the Dungeon)
 Z - an uncursed ring of resist corrosion
   (You took it off a kobold on level 15 of the Dungeon)
Wands
 e - a wand of paralysis (9)
   (You found it on level 3 of the Snake Pit)
 l - a wand of polymorph (38)
   (You found it on level 4 of the Dungeon)
 v - a wand of acid (7)
   (You found it on level 3 of the Snake Pit)
 D - a wand of iceblast (8)
   (You found it on level 3 of the Shoals)
 F - a wand of flame (38)
   (You found it on level 7 of the Dungeon)
 L - a wand of enslavement (12)
   (You found it on level 2 of the Shoals)
 S - a wand of disintegration (17)
   (You found it on level 12 of the Dungeon)
Scrolls
 b - 4 scrolls of blinking
 d - 17 scrolls of remove curse
 f - 5 scrolls of fog {!r}
 r - 10 scrolls of identify
 t - 10 scrolls of teleportation {!r}
 x - 8 scrolls of enchant armour
 y - 3 scrolls of magic mapping {!r}
 V - 3 scrolls of silence
 X - 5 scrolls of immolation
Potions
 c - 2 potions of ambrosia
 i - 9 potions of curing
 k - 2 potions of magic
 m - 6 potions of flight
 o - a potion of cancellation
 s - 3 potions of lignification
 R - a potion of invisibility
 U - 2 potions of might
Miscellaneous
 u - a lamp of fire
   (You found it on level 10 of the Dungeon)
Comestibles
 H - 12 meat rations
 K - 17 royal jellies

Dungeon Overview and Level Annotations

Branches:
Dungeon (15/15)            Temple (0/1) D:5            Lair (6/6) D:10
 Shoals (3/4) Lair:3        Snake (4/4) Lair:2        Slime (0/5) Lair:6
    Orc (2/2) D:9             Elf (0/3) Orc:2        Vaults (0/5) D:14
 Depths (0/5) D:15

Altars:
Ashenzari
Cheibriados
Elyvilon
Hepliaklqana
Kikubaaqudgha
Makhleb
Nemelex Xobeh
Trog
Xom
Yredelemnul
Zin

Shops:
D:4 [   D:6 [   D:13 ?   D:14 (   Orc:2 [%}!   Snake:3 =

Portals:
Trove: D:14 (give 7 potions of haste)


You were on level 3 of the Snake Pit.
You worshipped Xom.
You were a very special plaything of Xom.
You were hungry.

You visited 5 branches of the dungeon, and saw 30 of its levels.
You also visited: Ice Cave.

You collected 2650 gold pieces.
You spent 1173 gold pieces at shops.


Message History

You take 6 damage, and have 35/135 hp.
Okay, then.
Your system partially rejects the healing.
You feel better.
The naga mage moves out of view.
The naga mage hits you with a whip!
* * * LOW HITPOINT WARNING * * *
You block the guardian serpent's attack.
The naga cowers, then darts away.
The naga warrior spits poison at you. The splash of poison hits you!
You resist.
* * * LOW MAGIC WARNING * * *;
* * * LOW HITPOINT WARNING * * *
* * * LOW MAGIC WARNING * * *;
* * * LOW HITPOINT WARNING * * *
The naga warrior constricts you.
A naga and a guardian serpent come into view.
You take 7 damage, and have 28/135 hp.
You now have 2/9 mp.
You miss the guardian serpent. You headbutt the guardian serpent!!
The naga warrior blocks your attack.
You hit the naga mage. The naga mage casts a spell at you.
The bolt of poison hits you! You resist.
* * * LOW HITPOINT WARNING * * *
The guardian serpent hits you but does no damage.
You take 3 damage, and have 25/135 hp.
You slash the naga mage!
You kill the naga mage!
You hear a splash.
You hit the guardian serpent. You hit the naga warrior.
The guardian serpent coils itself and waves its upper body at you.
You resist with almost no effort.
Cornered, the sea snake turns to fight!
You block the naga warrior's attack. The naga warrior constricts you.
The nagaraja spits poison at you. You block the splash of poison.
You slice the guardian serpent!!
You kill the guardian serpent!
The naga warrior blocks your attack.
Your surroundings suddenly seem different.
Something loses its grip on you.
Xom is highly amused!
A shock serpent comes into view.
The shock serpent hisses angrily.
A shock serpent comes into view.
The shock serpent hisses angrily.
You block the shock serpent's attack.
Found a stone staircase leading up. 2 black mambas and a naga sharpshooter come into view.
Xom's power touches on you for a moment.
You feel dopey. You block the shock serpent's attack.
You block the black mamba's attack.
The naga sharpshooter unwields an uncursed trident.
The naga sharpshooter wields an uncursed arbalest.
The naga sharpshooter shoots a bolt.
The bolt barely misses you. The shock serpent bites you.
* * * LOW HITPOINT WARNING * * *
The shock serpent shocks you. You resist.
* * * LOW HITPOINT WARNING * * *
The black mamba barely misses you.
You hear an angry hiss.
There is a stone staircase leading up here.
You see here a bolt.
You take 4 damage, and have 21/135 hp.
The black mamba barely misses you.
The shock serpent shoots out a bolt of lightning at you!
The bolt of electricity misses you. You block the shock serpent's attack.
You block the black mamba's attack.
You climb upwards.
There is a stone staircase leading down here.
You block the shock serpent's attack. x3; The shock serpent closely misses you.
The black mamba closely misses you.
You slash the shock serpent! Your headbutt misses the shock serpent.
You slice the black mamba!!
The shock serpent's electric aura discharges, shocking you!
* * * LOW HITPOINT WARNING * * *
You slash the shock serpent!
The shock serpent's electric aura discharges, shocking you!
* * * LOW MAGIC WARNING * * *;
* * * LOW HITPOINT WARNING * * *
You block the black mamba's attack.
The shock serpent shoots out a bolt of lightning at you!
The bolt of electricity hits you! You resist.
* * * LOW MAGIC WARNING * * *;
* * * LOW HITPOINT WARNING * * *
Xom thinks this is hilarious!
You block the shock serpent's attack.
You take 18 damage, and have 3/135 hp.
You now have 1/9 mp.
Your system partially rejects the healing.
You feel much better. You block the black mamba's attack.
You block the shock serpent's attack.
The shock serpent shoots out a bolt of lightning at you!
The bolt of electricity misses you. The bolt of electricity hits you!
You resist.
* * * LOW HITPOINT WARNING * * *
The bolt of electricity hits the shock serpent.
The shock serpent completely resists.
The black mamba bites you.
* * * LOW HITPOINT WARNING * * *
You regained 8 hp, and now have 11/135 hp.
You miss the shock serpent. Your headbutt misses the shock serpent.
You miss the shock serpent. You barely miss the black mamba.
You block the shock serpent's attack. x2
The black mamba bites you but does no damage.
The shock serpent bites you!
* * * LOW MAGIC WARNING * * *
You die...
Xom giggles madly!

### #.## #..# #..#### ###..@S#
#....SS# #......### ##./......#
#...#[....# #...#.....##
####.(.#......### #####
#......#.####...###### ##
#...####....)...........#...####.


You could see 2 shock serpents and a black mamba.

Notes
Turn   | Place    | Note
-------+----------+-------------------------------------------
     0 | D:1      | theanonym the Demonspawn Fighter began the quest for the Orb.
     0 | D:1      | Reached XP level 1. HP: 18/18 MP: 1/1
    34 | D:1      | Reached skill level 2 in Axes
   102 | D:1      | Gained mutation: You are partially covered in large bone plates. (SH +4) [demonic ancestry]
   102 | D:1      | Reached XP level 2. HP: 20/24 MP: 2/2
   818 | D:2      | Reached XP level 3. HP: 24/29 MP: 3/3
   936 | D:2      | Reached skill level 3 in Axes
  1222 | D:2      | HP: 7/29 [kobold/dagger of electrocution (9)]
  1476 | D:2      | Found a hazy altar of Hepliaklqana.
  1745 | D:2      | Gained mutation: When hurt, damage is shared between your health and your magic reserves. [demonic ancestry]
  1745 | D:2      | Reached XP level 4. HP: 36/37 MP: 4/4
  1795 | D:3      | Noticed Natasha
  1808 | D:3      | HP: 14/37 [Natasha (6)]
  1818 | D:3      | Killed Natasha
  2150 | D:3      | Found Zin's Purification Station.
  2150 | D:3      | Found a glowing silver altar of Zin.
  2174 | D:3      | Found a faded altar of an unknown god.
  2180 | D:3      | Bought a potion of curing for 90 gold pieces
  2252 | D:3      | Noticed Natasha
  2263 | D:3      | HP: 18/37 [Natasha (3)]
  2269 | D:3      | Killed Natasha
  2269 | D:3      | Reached skill level 4 in Fighting
  2269 | D:3      | Reached skill level 4 in Axes
  2269 | D:3      | Reached XP level 5. HP: 37/42 MP: 3/5
  2319 | D:3      | Found a shimmering altar of Xom.
  2348 | D:3      | Became a worshipper of Xom of Malevolent Giggling
  2467 | D:3      | XOM: scenery: 1 doors open
  2658 | D:3      | Noticed Natasha
  2671 | D:3      | XOM: summons friendly ufetubus
  2674 | D:3      | HP: 17/42 [Natasha (6)]
  2679 | D:3      | HP: 12/63 [Natasha (5)]
  2680 | D:3      | Killed Natasha
  2759 | D:3      | XOM: polymorph ufetubus -> white imp
  2910 | D:3      | XOM: give mutations
  2910 | D:3      | Gained mutation: Your spells are a little harder to cast, but a little more powerful. [Xom's grace]
  2910 | D:3      | Gained mutation: You are somewhat resistant to further mutation. [Xom's grace]
  2910 | D:3      | Gained mutation: You have large cloven feet. [Xom's grace]
  2910 | D:3      | Gained mutation: You have a pair of small horns on your head. [Xom's grace]
  2921 | D:3      | Found an ancient bone altar of Kikubaaqudgha.
  2939 | D:3      | Reached XP level 6. HP: 47/49 MP: 6/6
  3065 | D:3      | Noticed theanonym's ghost (weakling DsCK)
  3078 | D:3      | HP: 24/49 [theanonym's ghost (4)]
  3080 | D:3      | HP: 9/49 [theanonym's ghost (15)]
  3082 | D:3      | Killed theanonym's ghost
  3082 | D:3      | Reached skill level 5 in Axes
  3139 | D:3      | XOM: scenery: 1 doors close
  3273 | D:3      | XOM: scenery: 1 doors open
  3345 | D:4      | XOM: stealth player
  3359 | D:4      | HP: 23/49 [worker ant (4)]
  3365 | D:3      | HP: 23/49 [poisoned by a worker ant]
  3372 | D:3      | HP: 22/49 [poisoned by a worker ant]
  3550 | D:4      | XOM: harmless Erth miscast
  3788 | D:4      | Found Nunek's Armour Shoppe.
  3837 | D:4      | XOM: chaos upgrade
  3845 | D:4      | Reached skill level 5 in Fighting
  3988 | D:4      | Noticed a hungry ghost
  3990 | D:4      | Noticed Ijyb
  3996 | D:4      | XOM: mild Ice miscast
  4017 | D:3      | Killed a hungry ghost
  4017 | D:3      | Reached skill level 6 in Axes
  4017 | D:3      | Gained mutation: You regenerate magic rapidly. [demonic ancestry]
  4017 | D:3      | Reached XP level 7. HP: 56/56 MP: 7/7
  4030 | D:4      | Killed Ijyb
  4047 | D:4      | Found a sparkling altar of Nemelex Xobeh.
  4192 | D:4      | XOM: summons friendly quasit
  4195 | D:4      | HP: 28/56 [poisoned by a killer bee]
  4196 | D:4      | XOM: smoke on damage
  4200 | D:4      | HP: 16/56 [poisoned by a killer bee]
  4205 | D:4      | HP: 12/56 [poisoned by a killer bee]
  4211 | D:4      | HP: 9/56 [poisoned by a killer bee]
  4216 | D:4      | HP: 8/56 [poisoned by a killer bee]
  4223 | D:4      | HP: 7/56 [poisoned by a killer bee]
  4231 | D:4      | HP: 7/56 [poisoned by a killer bee]
  4317 | D:4      | XOM: mild Pois miscast
  4318 | D:4      | HP: 21/56 [poisoned by the capriciousness of Xom (residual poison)]
  4324 | D:4      | HP: 19/56 [poisoned by the capriciousness of Xom (residual poison)]
  4331 | D:4      | HP: 19/56 [poisoned by the capriciousness of Xom (residual poison)]
  4339 | D:4      | HP: 18/56 [poisoned by the capriciousness of Xom (residual poison)]
  4383 | D:4      | XOM: god gift: mace {god gift}
  4523 | D:4      | XOM: cloud trail
  4602 | D:4      | Found a shattered altar of Ashenzari.
  4670 | D:5      | Entered Level 5 of the Dungeon
  4696 | D:5      | Found a staircase to the Ecumenical Temple.
  4725 | D:5      | Learned a level 1 spell: Apportation
  4762 | D:5      | Reached skill level 7 in Axes
  4770 | D:5      | XOM: cast spell 'Necromutation'
  4771 | D:5      | Noticed theanonym's ghost (novice MiCK)
  4775 | D:5      | XOM: harmless Necr miscast
  4791 | D:5      | XOM: confusion
  4791 | D:5      | HP: 28/56 [theanonym's ghost (3)]
  4802 | D:5      | HP: 21/56 [theanonym's ghost (9)]
  4816 | D:5      | HP: 21/56 [theanonym's ghost (1)]
  4825 | D:5      | HP: 12/56 [theanonym's ghost (8)]
  4837 | D:5      | HP: 5/84 [theanonym's ghost (6)]
  4838 | D:5      | Killed theanonym's ghost
  4838 | D:5      | Reached skill level 8 in Axes
  4838 | D:5      | Reached XP level 8. HP: 5/62 MP: 2/8
  4927 | D:5      | XOM: 2-stop teleportation journey
  4928 | D:5      | HP: 23/62 [hound (1)]
  4933 | D:5      | HP: 31/93 [hound (3)]
  5044 | D:5      | XOM: 4-stop teleportation journey
  5298 | D:5      | Learned a level 2 spell: Swiftness
  5360 | D:5      | Found a basalt altar of Yredelemnul.
  5362 | D:5      | Found a burning altar of Makhleb.
  5578 | D:6      | Found Heet's Armour Emporium.
  5605 | D:6      | XOM: summons friendly white imp
  5614 | D:6      | Reached skill level 9 in Axes
  5712 | D:4      | Bought a +0 pair of gloves of strength for 149 gold pieces
  5862 | D:6      | XOM: medium Chrm miscast
  6140 | D:6      | Got a distressingly furry hat
  6146 | D:6      | Identified the cursed +0 hat of Contentment {MR+ MP+9 Stlth+} (You found it on level 6 of the Dungeon)
  6236 | D:6      | XOM: summons 1 hostile demon
  6641 | D:6      | Found a runed door.
  6645 | D:6      | Noticed Crazy Yiuf
  6651 | D:6      | Killed Crazy Yiuf
  6717 | D:7      | Reached skill level 10 in Axes
  6743 | D:7      | Gained mutation: When low on magic, you restore magic in place of health. [demonic ancestry]
  6743 | D:7      | Reached XP level 9. HP: 63/68 MP: 9/9
  7120 | D:7      | XOM: give mutation
  7120 | D:7      | Gained mutation: Armour fits poorly on your strangely shaped body. [Xom's mischief]
  7245 | D:7      | XOM: blink monster(s)
  7253 | D:7      | XOM: harmless Hex miscast
  7374 | D:8      | Noticed Joseph
  7414 | D:8      | Noticed Prince Ribbit
  7415 | D:8      | XOM: enchant monster (bad)
  7425 | D:8      | Killed Prince Ribbit
  7439 | D:8      | Found a bloodstained altar of Trog.
  7499 | D:8      | Reached skill level 6 in Fighting
  7515 | D:8      | Killed Joseph
  7515 | D:8      | Reached skill level 11 in Axes
  7561 | D:8      | Noticed Pikel
  7576 | D:8      | XOM: confuse monster(s)
  7577 | D:8      | HP: 34/71 [hippogriff (4)]
  7583 | D:8      | HP: 29/71 [slave[Pikel] (4)]
  7587 | D:8      | XOM: confusion
  7590 | D:8      | HP: 34/71 [slave[Pikel] (2)]
  7591 | D:8      | Killed Pikel
  7837 | D:8      | Noticed Erica
  7837 | D:8      | XOM: fog
  7843 | D:8      | XOM: give mutation
  7843 | D:8      | Gained mutation: Scrolls take you a little longer to read. [Xom's mischief]
  7847 | D:8      | Killed Erica
  7847 | D:8      | Reached skill level 7 in Fighting
  7847 | D:8      | Reached skill level 12 in Axes
  7847 | D:8      | Gained mutation: Your flesh is cold resistant. (rC+) [demonic ancestry]
  7847 | D:8      | Reached XP level 10. HP: 79/79 MP: 10/10
  8175 | D:9      | Gained mutation: You possess an exceptional clarity of mind. [mutagenic meat]
  8223 | D:9      | XOM: chaos upgrade
  8364 | D:9      | XOM: cleaving
  8365 | D:9      | XOM: harmless Fire miscast
  8369 | D:9      | XOM: medium Air miscast
  8374 | D:9      | XOM: fake destruction
  8392 | D:9      | Reached skill level 8 in Fighting
  8449 | D:9      | XOM: silly message
  8455 | D:9      | XOM: swap monsters
  8694 | D:9      | XOM: mild Hex miscast
  8846 | D:9      | XOM: summons 5 hostile demons
  9035 | D:9      | Found a staircase to the Orcish Mines.
  9114 | D:9      | XOM: polymorph ooze -> worm
  9126 | D:9      | Reached skill level 13 in Axes
  9222 | D:9      | XOM: harmless Necr miscast
  9263 | D:9      | Found a snail-covered altar of Cheibriados.
  9295 | D:10     | Entered Level 10 of the Dungeon
  9295 | D:10     | Found a staircase to the Lair.
  9297 | D:10     | XOM: destruction
  9302 | D:10     | XOM: divination: magic mapping
  9305 | D:10     | XOM: summons friendly crimson imp
  9474 | D:10     | Gained mutation: You are slightly more attuned to the shadows. [demonic ancestry]
  9474 | D:10     | Reached XP level 11. HP: 87/87 MP: 11/11
  9481 | D:10     | XOM: harmless Hex miscast
  9483 | D:10     | HP: 41/87 [hornet zombie (3)]
  9484 | D:10     | XOM: give mutation
  9484 | D:10     | Gained mutation: You occasionally shout uncontrollably at your foes. [Xom's mischief]
  9740 | D:10     | Reached skill level 9 in Fighting
  9767 | D:10     | Noticed a two-headed ogre
  9768 | D:10     | XOM: 1-stop teleportation journey
  9865 | D:10     | XOM: smoke on damage
 10058 | D:10     | Noticed a two-headed ogre
 10070 | D:10     | XOM: divination: detect creatures
 10092 | D:9      | HP: 44/89 [poisoned by a killer bee]
 10097 | D:9      | HP: 43/89 [poisoned by a killer bee]
 10103 | D:9      | HP: 41/89 [poisoned by a killer bee]
 10111 | D:9      | HP: 41/89 [poisoned by a killer bee]
 10112 | D:9      | XOM: cloud trail
 10119 | D:9      | HP: 41/89 [poisoned by a killer bee]
 10341 | D:10     | XOM: scenery: create altars
 10364 | D:10     | Killed a two-headed ogre
 10413 | D:10     | XOM: medium Conj miscast
 10655 | D:10     | Reached skill level 14 in Axes
 10822 | D:10     | XOM: enchant monster (bad)
 10823 | D:10     | XOM: enchant monster (bad)
 10827 | D:10     | Killed a two-headed ogre
 11073 | Orc:1    | Entered Level 1 of the Orcish Mines
 11075 | Orc:1    | XOM: confuse monster(s)
 11208 | Orc:1    | Noticed an orc sorcerer
 11209 | Orc:1    | Noticed an orc knight
 11210 | Orc:1    | Noticed an orc knight
 11210 | Orc:1    | XOM: blink monster(s)
 11223 | Orc:1    | XOM: noise
 11229 | Orc:1    | XOM: summons 4 friendly demons
 11238 | Orc:1    | HP: 44/90 [orc knight/long sword (5)]
 11243 | Orc:1    | Killed an orc knight
 11252 | Orc:1    | XOM: noise
 11252 | Orc:1    | HP: 41/90 [orc knight/long sword (9)]
 11257 | Orc:1    | XOM: cleaving
 11260 | D:9      | HP: 24/90 [orc warrior/short sword[an orc knight] (4)]
 11351 | D:9      | XOM: silly message
 11559 | D:9      | XOM: give mutations
 11559 | D:9      | Gained mutation: You sometimes yell uncontrollably at your foes. [Xom's mischief]
 11559 | D:9      | Lost mutation: You have large cloven feet. [Xom's mischief]
 11607 | Lair:1   | Entered Level 1 of the Lair of Beasts
 11649 | Lair:1   | XOM: summons friendly shadow imp
 11650 | Lair:1   | Reached skill level 10 in Fighting
 11736 | Lair:1   | XOM is BORED!
 11736 | Lair:1   | XOM: mild Air miscast
 11873 | Lair:1   | XOM: 1-stop teleportation journey
 11874 | Lair:1   | Noticed an eight-headed hydra
 11886 | Lair:1   | Killed a 15-headed hydra
 12107 | Lair:1   | XOM: harmless Necr miscast
 12127 | Lair:1   | XOM: polymorph yak -> salamander
 12131 | Lair:1   | XOM: swap monsters
 12136 | Lair:1   | Noticed a mana viper
 12139 | Lair:1   | Killed a mana viper
 12139 | Lair:1   | Gained mutation: You are mostly covered in large bone plates. (SH +6) [demonic ancestry]
 12139 | Lair:1   | Reached XP level 12. HP: 68/98 MP: 12/12
 12595 | Lair:1   | XOM: give mutations
 12595 | Lair:1   | Gained mutation: You frequently scream uncontrollably at your foes. [Xom's mischief]
 12595 | Lair:1   | Lost mutation: Your spells are a little harder to cast, but a little more powerful. [Xom's mischief]
 12595 | Lair:1   | Gained mutation: You are frail. (-10% HP) [Xom's mischief]
 12697 | Lair:1   | XOM: harmless Necr miscast
 12725 | Lair:2   | Noticed a six-headed hydra
 12731 | Lair:2   | Killed a two-headed hydra
 12731 | Lair:2   | Reached skill level 15 in Axes
 12732 | Lair:2   | HP: 41/89 [porcupine (7)]
 12820 | Lair:2   | XOM: mild Fire miscast
 13256 | Lair:2   | XOM: polymorph blink frog -> water moccasin
 13257 | Lair:2   | Noticed a six-headed hydra
 13541 | Lair:2   | XOM: noise
 13565 | Lair:1   | HP: 44/89 [poisoned by a water moccasin]
 13571 | Lair:1   | HP: 42/89 [poisoned by a water moccasin]
 13577 | Lair:1   | HP: 42/89 [poisoned by a water moccasin]
 13585 | Lair:1   | HP: 41/89 [poisoned by a water moccasin]
 13693 | Lair:1   | XOM: give mutations
 13693 | Lair:1   | Gained mutation: You are dopey. (Int -2) [Xom's mischief]
 13693 | Lair:1   | Lost mutation: Scrolls take you a little longer to read. [Xom's mischief]
 13792 | Lair:2   | XOM: confuse monster(s)
 13812 | Lair:2   | Reached skill level 11 in Fighting
 13823 | Lair:2   | HP: 44/90 [polar bear (16)]
 13827 | Lair:2   | HP: 13/90 [polar bear (14)]
 14177 | Lair:2   | XOM: enchant monster (good)
 14317 | Lair:2   | XOM: noise
 14533 | Lair:2   | HP: 31/90 [komodo dragon (20)]
 14880 | Lair:2   | XOM: noise
 14958 | Lair:1   | HP: 37/90 [eight-headed hydra (9)]
 14960 | Lair:1   | XOM: enchant monster (bad)
 14970 | Lair:1   | XOM: enchant monster (good)
 14975 | Lair:1   | HP: 20/90 [nine-headed hydra (5)]
 14992 | Lair:1   | XOM: summons 12 friendly demons
 15009 | Lair:1   | HP: 26/90 [nine-headed hydra (1)]
 15017 | Lair:1   | XOM: enchant monster (good)
 15022 | Lair:1   | XOM: confuse monster(s)
 15025 | Lair:1   | HP: 13/90 [eight-headed hydra (4)]
 15033 | Lair:1   | Killed a six-headed hydra
 15364 | Lair:1   | XOM: noise
 15478 | Lair:2   | XOM: harmless Hex miscast
 15490 | Lair:2   | Found a staircase to the Snake Pit.
 15665 | Lair:2   | Identified the cursed +1 ring mail of Slovenliness {*Slow rCorr Str+2 Stlth+} (You found it on level 2 of the Lair of Beasts)
 15838 | Lair:3   | Found a staircase to the Shoals.
 15938 | Lair:3   | Noticed a seven-headed hydra
 15944 | Lair:3   | XOM: enchant monster (good)
 15945 | Lair:3   | XOM: scenery: create altars
 15961 | Lair:3   | XOM: fog
 15969 | Lair:3   | Killed a four-headed hydra
 15970 | Lair:3   | HP: 43/90 [water moccasin (5)]
 15992 | Lair:3   | HP: 39/90 [water moccasin (4)]
 16262 | Lair:3   | Noticed a death yak
 16263 | Lair:3   | Noticed a death yak
 16263 | Lair:3   | Noticed a death yak
 16265 | Lair:3   | Noticed a death yak
 16266 | Lair:3   | XOM: cleaving
 16267 | Lair:3   | Noticed a death yak
 16269 | Lair:2   | HP: 41/90 [death yak (15)]
 16272 | Lair:2   | XOM: divination: detect creatures
 16274 | Lair:2   | XOM: destruction
 16280 | Lair:2   | Killed a death yak
 16476 | Lair:2   | XOM: divination: detect items
 16562 | Lair:3   | HP: 40/90 [black mamba (8)]
 16563 | Lair:3   | Reached skill level 16 in Axes
 16567 | Lair:3   | HP: 38/90 [poisoned by a black mamba]
 16572 | Lair:3   | HP: 36/90 [poisoned by a black mamba]
 16577 | Lair:3   | HP: 34/90 [poisoned by a black mamba]
 16584 | Lair:3   | HP: 34/90 [poisoned by a black mamba]
 16592 | Lair:3   | HP: 34/90 [poisoned by a black mamba]
 16872 | Lair:3   | XOM: divination: detect creatures
 16880 | Lair:3   | Noticed a queen ant
 16880 | Lair:3   | a death yak changed into a queen ant
 16880 | Lair:3   | XOM: polymorph death yak -> queen ant
 16885 | Lair:3   | XOM: summons 12 friendly demons
 16890 | Lair:3   | Killed a death yak
 16897 | Lair:3   | XOM: divination: detect items
 16900 | Lair:3   | HP: 39/90 [death yak (14)]
 16907 | Lair:3   | XOM: cleaving
 16909 | Lair:3   | Killed a death yak
 16909 | Lair:3   | Reached skill level 3 in Armour
 16909 | Lair:3   | Reached skill level 3 in Shields
 16912 | Lair:3   | XOM: potion effect (berserk rage)
 16915 | Lair:3   | HP: 60/135 [death yak (3)]
 16916 | Lair:3   | Killed a death yak
 16916 | Lair:3   | Reached skill level 1 in Dodging
 16925 | Lair:3   | Killed a queen ant
 17272 | Lair:3   | XOM: silly message
 17396 | Lair:3   | XOM: divination: detect items
 17513 | Lair:4   | HP: 44/90 [spiny frog (6)]
 17515 | Lair:4   | XOM: harmless Ice miscast
 17735 | Lair:4   | Mutation became permanent: You have a pair of small horns on your head. [demonic ancestry]
 17735 | Lair:4   | Gained mutation: You have a pair of small horns on your head. [demonic ancestry]
 17735 | Lair:4   | Reached XP level 13. HP: 96/96 MP: 13/13
 18001 | Lair:4   | XOM: harmless Tmut miscast
 18016 | Lair:4   | XOM: silly message
 18125 | Lair:4   | XOM: cast spell 'Summon Small Mammal'
 18283 | Lair:4   | XOM: god gift: 43 gold pieces {god gift}
 18303 | Lair:4   | XOM: polymorph yak -> queen bee
 18320 | Lair:4   | Reached skill level 2 in Dodging
 18444 | Lair:4   | XOM: give mutations
 18444 | Lair:4   | Lost mutation: You are dopey. (Int -2) [Xom's mischief]
 18444 | Lair:4   | Gained mutation: You are very frail. (-20% HP) [Xom's mischief]
 18518 | Lair:4   | XOM: summons 2 hostile shadow creatures
 18523 | Lair:4   | HP: 37/85 [death yak[Xom] (18)]
 18843 | Lair:4   | XOM: torment (52/85 hp)
 18851 | Lair:4   | Reached skill level 12 in Fighting
 18853 | Lair:4   | HP: 43/86 [polar bear (5)]
 19197 | Lair:4   | XOM: harmless Fire miscast
 19230 | Lair:4   | HP: 43/86 [black mamba (1)]
 19233 | Lair:4   | Reached skill level 4 in Shields
 19236 | Lair:4   | HP: 31/86 [poisoned by a black mamba]
 19243 | Lair:4   | HP: 30/86 [poisoned by a black mamba]
 19250 | Lair:4   | HP: 29/86 [poisoned by a black mamba]
 19258 | Lair:4   | HP: 29/86 [poisoned by a black mamba]
 19538 | Lair:4   | XOM: swap monsters
 19701 | Lair:4   | XOM: summons 3 hostile shadow creatures
 19734 | Lair:4   | Reached skill level 4 in Armour
 20117 | Lair:5   | XOM: summons 5 hostile demons
 20127 | Lair:5   | HP: 39/86 [sun demon[Xom] (8)]
 20307 | Lair:5   | XOM: 4-stop teleportation journey
 20326 | Lair:5   | XOM: mild Tmut miscast
 20363 | Lair:5   | XOM: 5-stop teleportation journey
 20370 | Lair:5   | XOM: polymorph yak -> unseen horror
 20374 | Lair:5   | Reached skill level 3 in Dodging
 20448 | Lair:5   | HP: 40/86 [spiny frog (12)]
 21047 | Lair:6   | Entered Level 6 of the Lair of Beasts
 21060 | Lair:6   | XOM: 2-stop teleportation journey
 21130 | Lair:6   | XOM: 1-stop teleportation journey
 21210 | Lair:6   | XOM: 1-stop teleportation journey
 21246 | Lair:6   | HP: 36/86 [six-headed hydra (9)]
 21247 | Lair:6   | XOM: confuse monster(s)
 21465 | Lair:6   | XOM: cloud trail
 21492 | Lair:6   | XOM: divination: detect creatures
 21497 | Lair:6   | XOM: polymorph spiny frog -> polar bear
 21515 | Lair:6   | Reached skill level 5 in Shields
 21591 | Lair:6   | XOM: cloud trail
 21621 | Lair:6   | Reached skill level 5 in Armour
 21837 | Lair:6   | Reached skill level 4 in Dodging
 21907 | Lair:6   | XOM: scenery: create altars
 21955 | Lair:6   | XOM: 1-stop teleportation journey
 22016 | Lair:6   | Found a staircase to the Slime Pits.
 22107 | Lair:6   | Lost mutation: You are very frail. (-20% HP) [potion of mutation]
 22107 | Lair:6   | Lost mutation: Armour fits poorly on your strangely shaped body. [potion of mutation]
 22107 | Lair:6   | Gained mutation: Your flesh is heat resistant. (rF+) [potion of mutation]
 22536 | Lair:6   | Gained mutation: You have a pair of horns on your head. [demonic ancestry]
 22536 | Lair:6   | Reached XP level 14. HP: 97/104 MP: 14/14
 22538 | Lair:6   | Reached skill level 17 in Axes
 22548 | Lair:6   | XOM: cleaving
 22549 | Lair:6   | XOM: fake destruction
 22551 | Lair:6   | HP: 44/104 [death yak (10)]
 22553 | Lair:6   | XOM: cleaving
 22556 | Lair:6   | HP: 18/104 [death yak (7)]
 22612 | Lair:6   | HP: 29/104 [manticore/volley of spikes (2)]
 22920 | Lair:6   | XOM: enchant monster (good)
 22988 | Lair:6   | XOM: summons friendly quasit
 23036 | Lair:6   | XOM: give mutations
 23036 | Lair:6   | Lost mutation: You frequently scream uncontrollably at your foes. [Xom's mischief]
 23036 | Lair:6   | Gained mutation: Your muscles are strong. (Str +2) [Xom's mischief]
 23036 | Lair:6   | Gained mutation: You are agile. (Dex +2) [Xom's mischief]
 23036 | Lair:6   | Lost mutation: Your flesh is heat resistant. (rF+) [Xom's mischief]
 23188 | Lair:6   | Found the cursed necklace of Bloodlust {*Rage +Rage MR++ Int-3 Slay+6 *Curse}
 23214 | Lair:6   | XOM: scenery: create altars
 23236 | Lair:6   | XOM: give mutations
 23236 | Lair:6   | Lost mutation: You possess an exceptional clarity of mind. [Xom's mischief]
 23236 | Lair:6   | Gained mutation: Potions are less effective at restoring your health. [Xom's mischief]
 23875 | Orc:1    | XOM: 6-stop teleportation journey
 24041 | Orc:2    | Entered Level 2 of the Orcish Mines
 24041 | Orc:2    | Found a staircase to the Elven Halls.
 24046 | Orc:2    | Reached skill level 5 in Dodging
 24050 | Orc:2    | XOM: summons friendly ufetubus
 24063 | Orc:2    | Reached skill level 6 in Shields
 24380 | Orc:2    | XOM: mild Air miscast
 24514 | Orc:2    | Reached skill level 6 in Armour
 24518 | Orc:2    | XOM: potion effect (agility)
 24533 | Orc:2    | XOM: harmless Necr miscast
 24535 | Orc:2    | Found Vext's Distillery.
 24535 | Orc:2    | XOM: harmless Tloc miscast
 24549 | Orc:2    | HP: 76/156 [orc warrior/long sword (10)]
 24551 | Orc:2    | HP: 35/104 [orc warrior/trident (17)]
 24825 | D:11     | XOM: summons 4 friendly demons
 24879 | D:11     | XOM: fog
 25042 | D:11     | XOM: mild Ice miscast
 25085 | D:11     | XOM: divination: detect creatures
 25238 | D:11     | Reached skill level 13 in Fighting
 25248 | D:11     | Lost mutation: Your muscles are strong. (Str +2) [mutagenic meat]
 25249 | D:11     | Gained mutation: Your flesh is very cold resistant. (rC++) [mutagenic meat]
 25250 | D:11     | Gained mutation: You have sharp fingernails. [mutagenic meat]
 25251 | D:11     | Gained mutation: Your system is resistant to poisons. (rPois) [mutagenic meat]
 25319 | D:11     | XOM: summons 14 friendly demons
 25691 | D:12     | Noticed Harold
 25692 | D:12     | XOM: fog
 25713 | D:12     | HP: 53/106 [Harold/bolt of fire (10)]
 25715 | D:12     | Killed Harold
 25766 | D:12     | XOM: cleaving
 25871 | D:12     | XOM: god gift: 19 bolts {god gift}
 25914 | D:12     | XOM: give mutations
 25914 | D:12     | Gained mutation: Your muscles are strong. (Str +2) [Xom's grace]
 25914 | D:12     | Gained mutation: You passively map a small area around you. [Xom's grace]
 26233 | D:12     | XOM: 7-stop teleportation journey
 26376 | D:12     | XOM: god gift: 14 gold pieces {god gift}
 26461 | D:12     | XOM: polymorph acid dragon -> steam dragon
 26467 | D:12     | XOM: 1-stop teleportation journey
 26801 | D:12     | XOM: scenery: create altars
 26804 | D:12     | XOM: noise
 26828 | D:12     | XOM: medium Hex miscast
 26860 | D:12     | Noticed Nessos
 26875 | D:12     | Killed Nessos
 26875 | D:12     | Reached skill level 6 in Dodging
 26904 | D:12     | XOM: medium Tmut miscast
 27080 | D:13     | Found Qufradgh's Magic Scroll Shoppe.
 27090 | D:13     | Bought a scroll of silence for 127 gold pieces
 27105 | D:13     | Learned a level 3 spell: Regeneration
 27181 | D:13     | Reached skill level 7 in Shields
 27181 | D:13     | Reached XP level 15. HP: 99/111 MP: 15/15
 27292 | D:13     | XOM: harmless Hex miscast
 27313 | D:13     | XOM: noise
 27340 | D:13     | Reached skill level 7 in Armour
 27465 | D:13     | Noticed Josephine
 27475 | D:13     | Killed Josephine
 28009 | D:14     | XOM: destruction
 28028 | D:14     | XOM: summons 3 hostile shadow creatures
 28344 | D:14     | Found a gate to the Vaults.
 28357 | D:14     | XOM: divine lightning
 28359 | D:14     | XOM: summons friendly white imp
 28373 | D:14     | Reached skill level 18 in Axes
 28461 | D:14     | Found Ozxohiax's Antique Weapon Shop.
 28560 | D:14     | Found a portal to a secret trove of treasure.
 28569 | D:15     | Entered Level 15 of the Dungeon
 28599 | D:15     | XOM: 1-stop teleportation journey
 28638 | D:15     | Found a white marble altar of Elyvilon.
 28723 | D:15     | XOM: give mutations
 28723 | D:15     | Gained mutation: You are somewhat resistant to both further mutation and mutation removal. [Xom's grace]
 28723 | D:15     | Gained mutation: You are almost entirely resistant to further mutation and mutation removal. [Xom's grace]
 29011 | D:15     | Reached skill level 7 in Dodging
 29033 | D:15     | XOM: scenery: create altars
 29056 | D:15     | XOM: summons friendly white imp
 29170 | D:15     | Found a staircase to the Depths.
 29259 | D:15     | Reached skill level 8 in Shields
 29343 | D:15     | XOM: 3-stop teleportation journey
 29375 | D:15     | XOM: confuse monster(s)
 29381 | D:15     | XOM: confuse monster(s)
 29383 | D:15     | Reached skill level 8 in Armour
 29926 | Lair:2   | XOM: mild Necr miscast
 29953 | Snake:1  | Entered Level 1 of the Snake Pit
 30221 | Snake:1  | XOM: confusion (+ monsters)
 30239 | Snake:1  | XOM: summons friendly iron imp
 30243 | Snake:1  | Noticed Asterion
 30252 | Snake:1  | Killed Asterion
 30252 | Snake:1  | Reached skill level 14 in Fighting
 30411 | Snake:1  | XOM: cast spell 'Cause Fear'
 30425 | Snake:1  | XOM: polymorph naga sharpshooter -> hippogriff
 30493 | Snake:1  | XOM: potion effect (heal wounds)
 30564 | Snake:1  | XOM: 1-stop teleportation journey
 30634 | Snake:1  | XOM: cast spell 'Summon Mana Viper'
 30687 | Snake:1  | Reached skill level 8 in Dodging
 30747 | Snake:1  | Noticed a nagaraja
 30757 | Snake:1  | Killed a nagaraja
 30757 | Snake:1  | Reached XP level 16. HP: 119/119 MP: 15/16
 30992 | Snake:1  | XOM: harmless Ice miscast
 31093 | Snake:2  | XOM: summons friendly ufetubus
 31108 | Snake:2  | Reached skill level 9 in Shields
 31169 | Snake:2  | Noticed Aizul
 31174 | Snake:2  | XOM is BORED!
 31174 | Snake:2  | XOM: blink monster(s)
 31175 | Snake:2  | XOM: scenery: create altars
 31186 | Snake:2  | Killed Aizul
 31186 | Snake:2  | Reached skill level 9 in Armour
 31322 | Snake:2  | Paralysed by a Zot trap for 3 turns
 31340 | Snake:2  | XOM: divination: detect items
 31350 | Snake:2  | XOM: destruction
 31351 | Snake:2  | HP: 59/120 [black mamba (9)]
 31356 | Snake:2  | HP: 57/120 [poisoned by a naga (splash of poison)]
 31363 | Snake:2  | HP: 49/120 [poisoned by a naga (splash of poison)]
 31371 | Snake:2  | HP: 49/120 [poisoned by a naga (splash of poison)]
 31631 | Snake:2  | HP: 54/120 [electric eel/bolt of electricity (9)]
 31744 | Snake:2  | HP: 57/120 [acid (6)]
 31756 | Snake:2  | XOM: cloud trail
 31763 | Snake:2  | XOM: severe Air miscast
 31763 | Snake:2  | HP: 46/120 [something (16)]
 32188 | Snake:2  | Noticed Vashnia
 32202 | Snake:2  | XOM: summons friendly crimson imp
 32204 | Snake:2  | XOM: polymorph crimson imp -> iron imp
 32206 | Snake:2  | XOM: summons 11 friendly demons
 32208 | Snake:2  | XOM: summons friendly crimson imp
 32210 | Snake:2  | HP: 58/120 [Vashnia/arrow (14)]
 32211 | Snake:2  | XOM: summons 8 friendly demons
 32219 | Snake:2  | HP: 48/120 [Vashnia/arrow (10)]
 32220 | Snake:2  | XOM: summons friendly ufetubus
 32237 | Snake:2  | HP: 44/120 [Vashnia/uncursed mace of protection (1)]
 32242 | Snake:2  | HP: 33/120 [poisoned by Vashnia (splash of poison)]
 32247 | Snake:2  | HP: 20/120 [poisoned by Vashnia (splash of poison)]
 32252 | Snake:2  | HP: 32/120 [poisoned by Vashnia (splash of poison)]
 32258 | Snake:2  | Killed Vashnia
 32259 | Snake:2  | HP: 30/120 [poisoned by Vashnia (splash of poison)]
 32267 | Snake:2  | HP: 29/120 [poisoned by Vashnia (splash of poison)]
 32388 | Snake:2  | XOM: medium Chrm miscast
 32570 | Snake:2  | XOM: confuse monster(s)
 32671 | Snake:3  | Reached skill level 9 in Dodging
 32676 | Snake:3  | XOM: 1-stop teleportation journey
 32679 | Snake:3  | XOM: harmless Tloc miscast
 32683 | Snake:3  | HP: 59/120 [nagaraja/bolt of poison (6)]
 32686 | Snake:3  | XOM: noise
 32688 | Snake:3  | HP: 48/120 [poisoned by a black mamba]
 32690 | Snake:3  | XOM: draining
 32693 | Snake:3  | HP: 29/120 [poisoned by a black mamba]
 32693 | Snake:3  | HP: 14/120 [anaconda (3)]
 32698 | Snake:3  | HP: 9/120 [poisoned by a black mamba]
 32705 | Snake:3  | HP: 7/120 [poisoned by a black mamba]
 32713 | Snake:3  | HP: 7/120 [poisoned by a black mamba]
 32857 | Snake:1  | XOM: give mutations
 32857 | Snake:1  | Lost mutation: You are agile. (Dex +2) [Xom's mischief]
 32857 | Snake:1  | Lost mutation: Your system is resistant to poisons. (rPois) [Xom's mischief]
 33088 | Snake:1  | XOM: give mutation
 33088 | Snake:1  | Lost mutation: You sometimes yell uncontrollably at your foes. [Xom's mischief]
 33635 | Orc:2    | XOM: confusion
 33639 | Orc:2    | HP: 60/120 [orc knight/war axe (21)]
 33644 | Orc:2    | HP: 58/120 [orc warrior/trident (7)]
 33785 | Orc:2    | Found Dufet's Gadget Boutique.
 33786 | Orc:2    | Found Xavviun's Food Emporium.
 33786 | Orc:2    | Found Joups's Armour Emporium.
 33807 | Orc:2    | Bought a potion of heal wounds for 65 gold pieces
 33807 | Orc:2    | Bought a potion of mutation for 104 gold pieces
 33807 | Orc:2    | Bought a potion of heal wounds for 65 gold pieces
 33807 | Orc:2    | Bought a potion of heal wounds for 65 gold pieces
 33807 | Orc:2    | Bought a potion of curing for 39 gold pieces
 33807 | Orc:2    | Bought a potion of curing for 39 gold pieces
 33866 | Orc:2    | XOM: medium Conj miscast
 34008 | Shoals:1 | Entered Level 1 of the Shoals
 34024 | Shoals:1 | XOM: enchant monster (good)
 34122 | Shoals:1 | Noticed Roxanne
 34129 | Shoals:1 | XOM: confuse monster(s)
 34137 | Shoals:1 | XOM: divination: magic mapping
 34138 | Shoals:1 | HP: 59/120 [Roxanne/bolt of magma (23)]
 34144 | Shoals:1 | HP: 36/120 [Roxanne/bolt of magma (24)]
 34146 | Shoals:1 | HP: 4/120 [Roxanne/iron shot (32)]
 34147 | Shoals:1 | Killed Roxanne
 34672 | Shoals:1 | XOM: scenery: create altars
 35093 | Shoals:1 | XOM: summons friendly white imp
 35178 | Shoals:1 | XOM: medium Summ miscast
 35325 | Shoals:1 | XOM: harmless Tloc miscast
 35353 | Shoals:2 | Reached skill level 10 in Shields
 35528 | Shoals:2 | XOM: cast spell 'Olgreb's Toxic Radiance'
 35616 | Shoals:2 | XOM: 1-stop teleportation journey
 35617 | Shoals:2 | XOM: divination: magic mapping
 35618 | Shoals:2 | HP: 51/120 [water nymph/the raging water (12)]
 35630 | Shoals:2 | Noticed Bazinga's ghost (adept DEFE)
 35636 | Shoals:2 | Killed Bazinga's ghost
 35637 | Shoals:2 | HP: 36/120 [water elemental (3)]
 35640 | Shoals:2 | Reached skill level 10 in Armour
 35643 | Shoals:2 | XOM: confuse monster(s)
 35646 | Shoals:2 | HP: 54/120 [merfolk aquamancer/rapier of speed (2)]
 35649 | Shoals:2 | Reached skill level 15 in Fighting
 35651 | Shoals:2 | HP: 25/122 [drowned by a water elemental (4)]
 35654 | Shoals:2 | HP: 9/122 [wind drake/the air (7)]
 35657 | Shoals:3 | HP: 4/122 [barbs]
 35658 | Shoals:3 | HP: 1/122 [barbs]
 35660 | Shoals:3 | Found a frozen archway.
 35664 | IceCv    | Entered an ice cave
 36123 | IceCv    | XOM: potion effect (experience)
 36123 | IceCv    | Reached XP level 17. HP: 127/127 MP: 17/17
 36198 | IceCv    | Reached skill level 10 in Dodging
 36284 | IceCv    | XOM: harmless Summ miscast
 36341 | IceCv    | XOM: summons 4 hostile shadow creatures
 36937 | Shoals:2 | XOM: summons 2 hostile shadow creatures
 36942 | Shoals:2 | XOM: chaos upgrade
 36960 | Shoals:2 | XOM: medium Tloc miscast
 36989 | Shoals:2 | XOM: enchant monster (bad)
 37013 | Shoals:2 | Gained mutation: You have a pair of large horns on your head. [demonic ancestry]
 37013 | Shoals:2 | Reached XP level 18. HP: 99/134 MP: 18/18
 37308 | Shoals:2 | XOM: confusion (+ monsters)
 37311 | Shoals:2 | XOM: harmless Erth miscast
 37409 | Shoals:2 | XOM: 8-stop teleportation journey
 37433 | Shoals:2 | XOM: 6-stop teleportation journey
 37489 | Shoals:2 | HP: 67/134 [water nymph/the raging water (18)]
 37772 | Shoals:3 | Noticed Nikola
 37784 | Shoals:3 | Killed Nikola
 37821 | Shoals:3 | HP: 59/134 [snapping turtle (11)]
 38047 | Shoals:3 | XOM: summons 2 friendly demons
 38067 | Shoals:3 | HP: 67/134 [poisoned by a merfolk impaler]
 38072 | Shoals:3 | HP: 66/134 [poisoned by a merfolk impaler]
 38077 | Shoals:3 | HP: 65/134 [poisoned by a merfolk impaler]
 38084 | Shoals:3 | HP: 65/134 [poisoned by a merfolk impaler]
 38092 | Shoals:3 | HP: 66/134 [poisoned by a merfolk impaler]
 38222 | Shoals:3 | Reached skill level 11 in Shields
 38355 | Shoals:3 | XOM: destruction
 38440 | Shoals:3 | Reached skill level 11 in Armour
 38807 | Shoals:3 | Upgraded the game from 0.21-a0-504-g2eda330 to 0.21-a0-507-ga8f6b7a
 38807 | Shoals:3 | theanonym: !lg . !win s=olace
 38807 | Shoals:3 | beem: Unknown field: olace
 38807 | Shoals:3 | theanonym: !lg . !win s=place
 38807 | Shoals:3 | beem: 298 games for theanonym (!win): 46x D:1, 40x D:2, 34x D:3, 30x D:4, 16x D:5, 14x D:7, 10x D:8, 9x D:6, 8x D:10, 8x D:9, 7x Abyss:1, 5x Lair:3, 5x D:11, 5x Orc:2, 4x Abyss:2, 4x Lair:1, 3x Lair:2, 3x Swamp:2, 3x Swamp:4, 3x Ossuary, 3x Orc:1, 2x D:12, 2x IceCv, 2x Lair:4, 2x D:13, 2x Vaults:5, 2x Elf:3, 2x Pan, 2x Lair:5, 2x Snake:2, Snake:3, Snake:5, Shoals:4, Tomb:2, Depths:5, Lab, Volcano, D:1...
 38807 | Shoals:3 | theanonym: !lg . !win s=place place!=d
 38807 | Shoals:3 | beem: 73 games for theanonym (!win place!=d): 7x Abyss:1, 5x Orc:2, 5x Lair:3, 4x Lair:1, 4x Abyss:2, 3x Lair:2, 3x Swamp:2, 3x Ossuary, 3x Swamp:4, 3x Orc:1, 2x Vaults:5, 2x Snake:2, 2x IceCv, 2x Lair:4, 2x Elf:3, 2x Lair:5, 2x Pan, Bailey, Tomb:2, Spider:2, Zot:3, Snake:5, Lab, Volcano, Depths:1, Zot:1, Vaults:1, Depths:2, Spider:1, Sewer, Spider:3, Desolation, Snake:3, Shoals:4, Depths:5, Depths:3
 38807 | Shoals:3 | theanonym: !lg . !win s=place cplace!=d
 38807 | Shoals:3 | beem: Unknown field: cplace
 38807 | Shoals:3 | theanonym: !lg . !win s=cplace place!=d
 38807 | Shoals:3 | beem: Unknown field: cplace
 38807 | Shoals:3 | theanonym: !lg . !win s=god
 38807 | Shoals:3 | beem: 298 games for theanonym (!win): 149x, 25x Trog, 18x Xom, 13x Lugonu, 10x Cheibriados, 9x Sif Muna, 9x Makhleb, 8x Vehumet, 8x Kikubaaqudgha, 7x Okawaru, 6x Beogh, 5x Zin, 5x Gozag, 5x Dithmenos, 4x Ashenzari, 3x Uskayaw, 3x Hepliaklqana, 2x Nemelex Xobeh, 2x Wu Jian, 2x Fedhas, 2x Ru, The Shining One, Yredelemnul, Elyvilon
 38807 | Shoals:3 | theanonym: !lg . !win s=god xl>=15
 38807 | Shoals:3 | beem: 35 games for theanonym (!win xl>=15): 6x Trog, 4x Vehumet, 3x Beogh, 3x Makhleb, 2x Sif Muna, 2x Nemelex Xobeh, 2x Hepliaklqana, 2x Cheibriados, 2x Zin, Xom, Lugonu, Kikubaaqudgha, , Uskayaw, Dithmenos, Ru, Okawaru, Ashenzari
 39046 | Orc:2    | Bought the +4 ring mail of Kleptomania {rElec rC- MP-9 Str+10} for 430 gold pieces
 39191 | Lair:2   | XOM: god gift: 6 meat rations {god gift}
 39365 | Snake:3  | XOM: divine lightning
 39432 | Snake:3  | XOM: confusion
 39434 | Snake:3  | XOM: confusion (+ monsters)
 39439 | Snake:3  | Reached skill level 11 in Dodging
 39459 | Snake:3  | HP: 101/202 [poisoned by a naga ritualist (toxic radiance)]
 39466 | Snake:3  | HP: 101/202 [poisoned by a naga ritualist (toxic radiance)]
 39472 | Snake:3  | HP: 67/135 [poisoned by a naga ritualist (toxic radiance)]
 39475 | Snake:3  | XOM: confusion
 39477 | Snake:3  | HP: 59/135 [poisoned by a naga ritualist (toxic radiance)]
 39477 | Snake:3  | XOM: scenery: create altars
 39479 | Snake:3  | XOM: enchant monster (bad)
 39482 | Snake:3  | HP: 42/135 [anaconda (1)]
 39937 | Snake:3  | Found Zuullut's Jewellery Shop.
 40019 | Snake:3  | XOM: blink monster(s)
 40135 | Snake:3  | XOM: mild Necr miscast
 40403 | Snake:3  | XOM: summons 3 hostile shadow creatures
 40414 | Snake:3  | HP: 58/135 [naga warrior/short sword[Xom] (17)]
 40686 | Snake:4  | Entered Level 4 of the Snake Pit
 40692 | Snake:4  | HP: 60/135 [sea snake (8)]
 40694 | Snake:4  | HP: 28/135 [naga warrior/war axe (4)]
 40698 | Snake:4  | XOM: stat loss: -1 Int (6/7)
 40702 | Snake:3  | HP: 11/135 [shock serpent/electric aura (10)]
 40702 | Snake:3  | HP: 3/135 [shock serpent/bolt of electricity (5)]
 40704 | Snake:3  | Slain by a shock serpent

Vanquished Creatures
  Vashnia (Snake:2)
  Nikola (Shoals:3)
  Asterion (Snake:1)
  3 krakens
  The ghost of Bazinga the Eclecticist, an adept DEFE of Vehumet (Shoals:2)
  Roxanne (Shoals:1)
  2 nagarajas
  Aizul (Snake:2)
  Nessos (D:12)
  A blizzard demon (IceCv)
  Josephine (D:13)
  2 merfolk impalers
  3 naga warriors
  Harold (D:12)
  5 hydras
  4 catoblepae
  7 anacondas
  4 merfolk aquamancers
  A merfolk avatar (Shoals:1)
  Erica (D:8)
  A centaur warrior (D:15)
  7 two-headed ogres
  12 death yaks
  4 orc high priests (Orc:2)
  2 unseen horrors
  7 naga sharpshooters
  A queen ant (Lair:3)
  2 salamander mystics (Snake:3)
  6 skeletal warriors (D:15)
  A fire crab (shapeshifter) (Lair:2)
  10 sea snakes
  4 naga ritualists
  A queen bee (Lair:4)
  2 phantasmal warriors
  A necromancer (D:15)
  A tengu zombie (D:15)
  5 harpies
  Pikel (D:8)
  6 orc knights
  12 mana vipers
  A mana viper (shapeshifter) (Lair:1)
  5 orc sorcerers
  A stone giant zombie (D:15)
  2 deep elf magi (D:14)
  15 ugly things
  12 manticores
  8 salamanders
  10 fauns
  4 cyclopes
  30 black mambas
  4 merfolk sirens
  6 centaur zombies
  Joseph (D:8)
  6 water nymphs
  2 guardian serpents
  9 elephants
  2 ice statues (IceCv)
  A black mamba (shapeshifter) (D:13)
  15 naga magi
  The ghost of theanonym the Cleaver, a novice MiCK of Xom (D:5)
  2 centaur skeletons
  2 gargoyles
  A yaktaur (D:15)
  A torpor snail (Lair:6)
  10 komodo dragons
  11 spiny frogs
  A rime drake (Lair:6)
  A spriggan zombie (D:15)
  An efreet (D:15)
  2 kobold demonologists (D:15)
  A freezing wraith (D:15)
  14 ice devils (IceCv)
  15 merfolk
  9 trolls
  3 meliai (D:15)
  3 polar bears
  5 blink frogs
  18 slime creatures
  Prince Ribbit (D:8)
  5 wind drakes
  A harpy skeleton (D:15)
  3 dream sheep (Shoals:2)
  12 hippogriffs
  7 snapping turtles
  A shadow (D:15)
  A spriggan (Lair:2)
  A vampire (D:14)
  6 wraiths
  4 wyverns
  8 water elementals
  48 yaks
  A steam dragon (D:12)
  A spriggan skeleton (D:15)
  A basilisk (Lair:4)
  3 vampire mosquitoes (D:13)
  4 hungry ghosts
  28 nagas
  3 wargs
  11 water moccasins
  9 porcupines
  A hornet zombie (D:10)
  23 orc warriors
  A black bear (D:6)
  4 ice beasts
  An eye of draining (D:12)
  6 sky beasts
  8 wolves
  22 centaurs
  3 phantoms
  12 ogres
  12 crocodiles
  4 big kobolds
  A wyvern zombie (D:11)
  19 bullfrogs
  A water moccasin skeleton (D:10)
  2 scorpions
  A wyvern skeleton (D:14)
  The ghost of theanonym the Chopper, a weakling DsCK of Xom (D:3)
  24 wights
  20 killer bees
  2 vampire bats (D:3)
  4 electric eels (Snake:2)
  5 howler monkeys
  2 crimson imps (D:15)
  3 bullfrog zombies
  3 hounds
  15 orc priests
  6 jellies
  17 orc wizards
  Crazy Yiuf (D:6)
  2 bullfrog skeletons (D:12)
  Ijyb (D:4)
  Natasha (thrice) (D:3)
  3 iguanas
  11 worker ants
  3 hound skeletons
  2 worker ant zombies
  12 adders
  9 gnolls
  8 shadow imps
  8 white imps (IceCv)
  6 ufetubi (IceCv)
  4 oozes (D:9)
  6 worms
  A dart slug (D:2)
  8 leopard geckos
  53 orcs
  2 bat skeletons (D:3)
  5 bat zombies (D:3)
  8 giant cockroaches
  13 goblins
  9 hobgoblins
  9 jackals
  18 kobolds
  5 quokkas
  A ball python (D:2)
  7 bats
  4 frilled lizards
  A leopard gecko skeleton (D:7)
  4 rats
  5 fungi
  4 plants
  5 tentacles
986 creatures vanquished.

Vanquished Creatures (collateral kills)
  A nagaraja (Snake:3)
  A death yak (Lair:4)
  A naga sharpshooter (Snake:2)
  A naga ritualist (Snake:3)
  A naga mage (Snake:3)
  2 black mambas
  3 yaks
  A naga (Snake:3)
  An ogre (D:6)
  A giant cockroach (D:4)
13 creatures vanquished.

Vanquished Creatures (others)
  An anaconda (Snake:3)
  A dancing weapon (Snake:3)
  2 salamander mystics (Snake:3)
  An unseen horror (D:13)
  A harpy (Shoals:3)
  2 ugly things (D:14)
  A salamander (Snake:3)
  2 yaks
  A water moccasin (Lair:3)
  2 porcupines (D:10)
  A slave (D:8)
  A centaur (D:9)
  A crocodile (D:10)
  An orc wizard (D:9)
  A gnoll (D:8)
  A white imp (IceCv)
  2 ufetubi (IceCv)
  A quokka (D:15)
  2 bushes
  8 fungi
  62 plants
  19 tentacles
  5 withered plants (D:15)
119 creatures vanquished.

Grand Total: 1118 creatures vanquished
